 Dungeon Crawl Stone Soup version 0.29-a0-275-g389c0b56f3 (webtiles) character file.

Game seed: 8721342137519064318

154 epen the Caller (level 5, -1/37 HPs)
             Began as a Gnoll Summoner on Mar 9, 2022.
             Succumbed to Ijyb's poison
             ... on level 2 of the Dungeon.
             The game lasted 00:03:42 (3020 turns).

epen the Caller (Gnoll Summoner)                    Turns: 3020, Time: 00:03:42

Health: -1/37      AC:  3    Str:  9    XL:     5   Next: 36%
Magic:  12/12      EV: 13    Int: 14    God:
Gold:   197        SH:  5    Dex: 13    Spells: 10/14 levels left

rFire   . . .      SeeInvis .   i - +1 dagger (freeze)
rCold   . . .      Faith    .   (no shield)
rNeg    . . .      Spirit   .   a - +0 robe
rPois   .          Reflect  +   (no helmet)
rElec   .          Harm     .   j - +0 cloak
rCorr   .          Rampage  .   (no gloves)
Will    .....                   (no boots)
Stlth   +++.......              l - amulet of reflection
HPRegen 0.12/turn               (no ring)
MPRegen 0.13/turn               (no ring)

@: lethally poisoned (-1 -> -11), flying
A: fangs 1, strong nose, distributed training
a: no special abilities


You were on level 2 of the Dungeon.
You visited 1 branch of the dungeon, and saw 4 of its levels.

You collected 197 gold pieces.

Inventory:

Hand Weapons
 c - a +0 rapier
 i - a +1 dagger of freezing (weapon)
Armour
 a - a +0 robe (worn)
 j - a +0 cloak (worn)
Jewellery
 l - an amulet of reflection (around neck)
Scrolls
 d - 3 scrolls of identify {unknown}
 f - a scroll of immolation {unknown}
 g - a scroll of teleportation {unknown}
 h - a scroll of fog {unknown}
 k - 3 scrolls of fear {unknown}


   Skills:
 + Level 1.4 Fighting
 + Level 1.4 Short Blades
 + Level 1.4 Long Blades
 + Level 1.4 Axes
 + Level 1.4 Maces & Flails
 + Level 1.4 Polearms
 + Level 1.4 Staves
 + Level 1.4 Slings
 + Level 1.4 Bows
 + Level 1.4 Crossbows
 + Level 1.4 Throwing
 + Level 1.4 Armour
 + Level 4.8 Dodging
 + Level 4.4 Stealth
 + Level 1.4 Shields
 + Level 1.4 Unarmed Combat
 + Level 5.2 Spellcasting
 + Level 1.1 Conjurations
 + Level 1.1 Hexes
 + Level 7.2 Summonings
 + Level 1.1 Necromancy
 + Level 1.1 Translocations
 + Level 1.1 Transmutations
 + Level 1.1 Fire Magic
 + Level 1.1 Ice Magic
 + Level 1.1 Air Magic
 + Level 1.1 Earth Magic
 + Level 1.1 Poison Magic
 + Level 1.6 Invocations
 + Level 1.4 Evocations


You had 10 spell levels left.
You knew the following spells:

 Your Spells              Type           Power      Damage    Failure   Level
a - Summon Small Mammal   Summ           92%        N/A       1%          1
b - Call Canine Familiar  Summ           23%        N/A       2%          3

Your spell library contained the following spells:

 Spells                   Type           Power      Damage    Failure   Level
 Call Imp                 Summ           23%        N/A       1%          2
 Summon Guardian Golem    Hex/Summ       15%        N/A       9%          3
 Foxfire                  Conj/Fire      24%        2x1d5     11%         1
 Ensorcelled Hibernation  Hex/Ice        12%        N/A       16%         2
 Summon Lightning Spire   Summ/Air       15%        N/A       30%         4
 Conjure Flame            Conj/Fire      6%         6-21      32%         3
 Inner Flame              Hex/Fire       6%         N/A       32%         3
 Spider Form              Tmut/Pois      6%         N/A       32%         3
 Anguish                  Hex/Necr       3%         N/A       71%         4
 Flame Wave               Conj/Fire      6%         2d5       71%         4


Dungeon Overview and Level Annotations

Branches:
Dungeon (4/15)
 Temple: D:4-7

Altars:

Shops:
D:2 :

Annotations:
D:2 Ijyb


Innate Abilities, Weirdness & Mutations

You have very sharp teeth.
Your uncanny sense of smell can sniff out nearby items.
Your experience applies equally to all skills.


Message History

Your hound bites Ijyb but does no damage.
You block Ijyb's attack. The orc closely misses you.
You barely miss Ijyb. Your bite misses Ijyb.
Ijyb is moderately wounded.
You feel very sick.
Your hound bites Ijyb but does no damage.
You swap places.
You feel sick.
Your hound barely misses Ijyb.
The frilled lizard closely misses your hound.
The orc closely misses your hound.
Ijyb hits you with a +0 dagger of venom.
Your hound closely misses Ijyb.
Ijyb attacks as you move away! Ijyb barely misses you.
You feel sick. The frilled lizard misses your hound.
Your hound bites Ijyb but does no damage.
The orc closely misses your hound. Ijyb attacks as you move away!
Ijyb hits you with a +0 dagger of venom.
You are lethally poisoned!
You feel very sick.
Your hound bites Ijyb but does no damage.
The frilled lizard completely misses your hound.
The orc closely misses your hound.
There is a stone staircase leading up here.
* * * LOW HITPOINT WARNING * * *
You feel very sick. Ijyb hits you but does no damage.
You are more poisoned.
Your hound barely misses Ijyb.
You climb upwards.
* * * LOW HITPOINT WARNING * * *
You feel very sick.
There is a stone staircase leading down here.
It was a potion of flight.
You feel very buoyant.
You fly up into the air.
* * * LOW HITPOINT WARNING * * *
You feel very sick.
Ijyb zaps a wand.
The bolt of acid misses you. Magic courses through your body.
You die...

#....)...####.#..######......#
#......### #.##..)..........#
#......# #.#########.......
#......# #.# ##.........
#......# #.# #...##.....
#......# #.# #..###....#
######## #.# ###.## #>...#
#.####...# ######
#####@g.##..## #
####........#[## ####
##...........##########...
#..###...<).............##
###.##.##......############
##...#...#.......#
#..####'####..)..#
#.##.#...#.##))..#
#.#..'...')รท)..#.# #####


You could see Ijyb.

Vanquished Creatures
  A necrophage (D:4)
  2 adders
  A worm (D:2)
  2 dart slugs
  An orc (D:3)
  3 bats
  4 endoplasms
  A giant cockroach (D:1)
  6 goblins
  7 hobgoblins
  3 jackals (D:2)
  3 quokkas
  6 ball pythons
  3 frilled lizards
  8 kobolds
  3 rats
54 creatures vanquished.

Vanquished Creatures (collateral kills)
  4 hobgoblins (D:2)
  4 goblins
8 creatures vanquished.

Grand Total: 62 creatures vanquished

Notes
Turn   | Place    | Note
-------+----------+-------------------------------------------
     0 | D:1      | epen the Gnoll Summoner began the quest for the Orb.
     0 | D:1      | Reached XP level 1. HP: 13/13 MP: 6/6
   192 | D:1      | Reached XP level 2. HP: 19/19 MP: 7/7
   835 | D:1      | Reached XP level 3. HP: 21/25 MP: 9/9
  1113 | D:2      | Reached skill level 5 in Spellcasting
  1306 | D:2      | Found a faded altar of an unknown god.
  1317 | D:2      | Reached skill level 1 in Invocations
  1441 | D:2      | Reached skill level 1 in Fighting
  1441 | D:2      | Reached skill level 1 in Short Blades
  1441 | D:2      | Reached skill level 1 in Long Blades
  1441 | D:2      | Reached skill level 1 in Axes
  1441 | D:2      | Reached skill level 1 in Maces & Flails
  1441 | D:2      | Reached skill level 1 in Polearms
  1441 | D:2      | Reached skill level 1 in Staves
  1441 | D:2      | Reached skill level 1 in Slings
  1441 | D:2      | Reached skill level 1 in Bows
  1441 | D:2      | Reached skill level 1 in Crossbows
  1441 | D:2      | Reached skill level 1 in Throwing
  1441 | D:2      | Reached skill level 1 in Armour
  1441 | D:2      | Reached skill level 1 in Shields
  1441 | D:2      | Reached skill level 1 in Unarmed Combat
  1441 | D:2      | Reached skill level 1 in Evocations
  1709 | D:2      | Reached XP level 4. HP: 30/32 MP: 7/11
  1857 | D:2      | You fall into a shaft and drop 2 floors!
  1858 | D:4      | Noticed a scorpion
  1937 | D:4      | Noticed a necrophage
  1952 | D:4      | Learned a level 3 spell: Call Canine Familiar
  2039 | D:4      | Killed a necrophage
  2040 | D:4      | Reached skill level 1 in Conjurations
  2040 | D:4      | Reached skill level 1 in Hexes
  2040 | D:4      | Reached skill level 1 in Necromancy
  2040 | D:4      | Reached skill level 1 in Translocations
  2040 | D:4      | Reached skill level 1 in Transmutations
  2040 | D:4      | Reached skill level 1 in Fire Magic
  2040 | D:4      | Reached skill level 1 in Ice Magic
  2040 | D:4      | Reached skill level 1 in Air Magic
  2040 | D:4      | Reached skill level 1 in Earth Magic
  2040 | D:4      | Reached skill level 1 in Poison Magic
  2040 | D:4      | Reached XP level 5. HP: 22/37 MP: 9/12
  2865 | D:2      | Found Rorat's Book Shop.
  3004 | D:3      | Noticed Ijyb
  3019 | D:2      | HP: 1/37 [poisoned by Ijyb]
  3020 | D:2      | Succumbed to Ijyb's poison

Illustrated notes

Levels and vault maps discovered:
D:1:      dpeg_arrival_arbitrary_a, layout_loops_ring, hangedman_glass_teeth
D:2:      cheibrodos_greedy_goblins, layout_rooms,
          chequers_ecumenical_altar_island, serial_shops, nicolae_lakefront_shop
D:3:      layout_loops_ring, uniq_ijyb
D:4:      layout_loops_corners, okawaru_altar_gauntlet_db, dk_noncrumbling_3,
          solitary_fountain

Skill      XL: |  1  2  3  4 |
---------------+-------------+-----
Spellcasting   | 5 |  5.2
Invocations    | 1 |  1.6
Fighting       | 1 |  1.4
Short Blades   | 1 |  1.4
Long Blades    | 1 |  1.4
Axes           | 1 |  1.4
Maces & Flails | 1 |  1.4
Polearms       | 1 |  1.4
Staves         | 1 |  1.4
Slings         | 1 |  1.4
Bows           | 1 |  1.4
Crossbows      | 1 |  1.4
Throwing       | 1 |  1.4
Armour         | 1 |  1.4
Shields        | 1 |  1.4
Unarmed Combat | 1 |  1.4
Evocations     | 1 |  1.4
Conjurations   | 1 |  1.1
Hexes          | 1 |  1.1
Necromancy     | 1 |  1.1
Translocations | 1 |  1.1
Transmutations | 1 |  1.1
Fire Magic     | 1 |  1.1
Ice Magic      | 1 |  1.1
Air Magic      | 1 |  1.1
Earth Magic    | 1 |  1.1
Poison Magic   | 1 |  1.1
Dodging        | |  4.8
Stealth        | |  4.4
Summonings     | |  7.2

Action                   |  1- 3 |  4- 6 || total
-------------------------+-------+-------++-------
Melee: Rapier            |    93 |    17 ||   110
       Bite              |     7 |     5 ||    12
       Punch             |     1 |     1 ||     2
       Dagger            |       |    54 ||    54
 Cast: Summon Small Mamm |    13 |     1 ||    14
       Call Canine Famil |       |     5 ||     5
  Use: Potion            |       |     2 ||     2
 Stab: Sleeping          |    10 |     6 ||    16
Armor: Robe              |    15 |    10 ||    25
Dodge: Dodged            |    58 |    39 ||    97
Block: Other             |       |     4 ||     4

Table legend: (Time is in decaauts)
 A = Elapsed time spent in this place.
 B = Non-inter-level travel time spent in this place.
 C = Inter-level travel time spent in this place.
 D = Time resting spent in this place.
 E = Time spent auto-exploring this place.
 F = Levels seen in this place.
 G = Mean time per level.
                   A        B        C        D        E       F      G
               +--------+--------+--------+--------+--------+-----+--------+
         Total |   3037 |   2925 |    112 |    226 |   2094 |   4 |  759.2 |
       Dungeon |   3037 |   2925 |    112 |    226 |   2094 |   4 |  759.2 |
               +--------+--------+--------+--------+--------+-----+--------+

Top non-repeatable levels by time:
     D:1: 1115 daAuts
     D:2: 1064 daAuts
     D:3: 504 daAuts
     D:4: 352 daAuts
